 Dungeon Crawl Stone Soup version 0.30-a0-1075-gcd70e7a56d (webtiles) character file.

Game seed: 7623423896350216509

130195 funkygono the Severer (level 16, -5/152 HPs)
             Began as a Minotaur Fighter on Apr 13, 2023.
             Was a High Priest of Okawaru.
             Shot with an arrow by a naga sharpshooter (15 damage)
             ... on level 4 of the Snake Pit on Apr 14, 2023.
             The game lasted 00:54:46 (26544 turns).

funkygono the Severer (Minotaur Fighter)           Turns: 26544, Time: 00:54:47

Health: -5/152     AC: 37    Str: 28    XL:     16   Next: 52%
Magic:  17/17      EV: 10    Int:  5    God:    Okawaru [*****.]
Gold:   114        SH: 23    Dex: 11    Spells: 15/15 levels left

rFire   + + .      SeeInvis +    W - +5 broad axe of Meitetuuw {flame, Contam rPois rF++ rC+}
rCold   + . .      Faith    .    C - +3 tower shield {AC+3}
rNeg    + . .      Spirit   .    t - +18 Lear's hauberk
rPois   .          Reflect  .    (helmet currently unavailable)
rElec   +          Rampage  .    V - +2 cloak {Will+}
rCorr   .                        (gloves currently unavailable)
Will    ++...                    (boots currently unavailable) Stlth
                                 E - amulet of Vitality {RegenMP++ Regen++}
HPRegen 2.05/turn                n - ring of Obsession {rElec rPois rN+ Stlth+}
MPRegen 0.95/turn                K - ring of see invisible

@: lethally poisoned (-5 -> -5), weakened, poison vulnerable, slowed, very slow
A: horns 2, retaliatory headbutt
a: Renounce Religion, Heroism, Finesse, Duel


You were on level 4 of the Snake Pit.
You worshipped Okawaru.
Okawaru was extremely pleased with you.
You visited 5 branches of the dungeon, and saw 23 of its levels.
You also visited: Sewer.

You collected 2104 gold pieces.
You spent 1990 gold pieces at shops.

Inventory:

Hand Weapons
 a - a +3 vampiric war axe
 W - the +5 broad axe of Meitetuuw (weapon) {flame, Contam rPois rF++ rC+}
   (You acquired it on level 5 of the Lair of Beasts)

   rF:        It greatly protects you from fire.
   rC:        It protects you from cold.
   rPois:     It protects you from poison.
   Contam:    It causes magical contamination when unequipped.
Missiles
 e - 5 boomerangs of dispersal
 f - 11 javelins
 z - 17 boomerangs (quivered)
 N - 4 silver javelins
 O - a silver boomerang
Armour
 h - a +1 tower shield of reflection
 t - the +18 Lear's hauberk (worn)
   (You found it on level 10 of the Dungeon)
 C - a +3 tower shield of protection (worn)
 V - a +2 cloak of willpower (worn)
Jewellery
 n - the ring of Obsession (left hand) {rElec rPois rN+ Stlth+}
   (You found it on level 2 of the Dungeon)

   [ring of poison resistance]

   rElec:     It insulates you from electricity.
   rPois:     It protects you from poison.
   rN:        It protects you from negative energy.
   Stlth:     It makes you more stealthy.
 o - a ring of protection from cold
 y - a ring of protection from fire
 A - an amulet of reflection
 D - a ring of poison resistance
 E - the amulet of Vitality (around neck) {RegenMP++ Regen++}
   (You bought it in a shop on level 1 of the Snake Pit)

   [amulet of magic regeneration]

   It increases your rate of magic regeneration.
   Regen:     It increases your rate of health regeneration.
 K - a ring of see invisible (right hand)
 R - a ring of resist corrosion
 T - a ring of positive energy
Wands
 k - a wand of mindburst (34)
 q - a wand of flame (29)
 r - a wand of iceblast (4)
 w - a wand of quicksilver (21)
 I - a wand of paralysis (25)
Scrolls
 d - 3 scrolls of fear
 j - 2 scrolls of fog
 l - 4 scrolls of poison
 m - 2 scrolls of blinking
 p - a scroll of identify
 B - a scroll of silence
 F - 7 scrolls of teleportation
 G - a scroll of amnesia
Potions
 b - 2 potions of might
 c - 10 potions of curing
 g - 4 potions of flight
 i - 2 potions of ambrosia
 s - 6 potions of mutation
 u - a potion of berserk rage
 v - 4 potions of cancellation
 x - a potion of attraction
 H - a potion of brilliance
 L - 3 potions of haste
 M - 3 potions of heal wounds
 P - 3 potions of resistance
 S - a potion of lignification


   Skills:
 + Level 16.6 Fighting
 + Level 19.9 Axes
 + Level 3.5 Throwing
 + Level 14.0 Armour
 + Level 5.7 Dodging
 + Level 2.1 Stealth
 + Level 19.5 Shields
 + Level 3.4 Invocations


You had 15 spell levels left.
You didn't know any spells.
Your spell library contained the following spells:

 Spells                   Type           Power      Damage    Failure   Level
 Apportation              Tloc           0%         N/A       98%         1
 Kiss of Death            Conj/Necr      0%         2d5       98%         1
 Magic Dart               Conj           0%         1d3       98%         1
 Sting                    Tmut/Pois      0%         1d3       98%         1
 Cigotuvi's Dreadful Rot  Necr/Pois/Air  0%         N/A       99%         2
 Poisonous Vapours        Pois/Air       0%         N/A       99%         2
 Static Discharge         Conj/Air       0%         2-2/arc   99%         2
 Confusing Touch          Hex            0%         N/A       100%        3
 Ignite Poison            Fire/Tmut/Pois 0%         N/A       100%        3
 Mephitic Cloud           Conj/Pois/Air  0%         N/A       100%        3
 Vhi's Electric Charge    Tloc/Air       0%         N/A       100%        3
 Airstrike                Air            0%         2d(0-16)  100%        4
 Dispel Undead            Necr           0%         3d6       100%        4
 Olgreb's Toxic Radiance  Pois           0%         N/A       100%        4
 Alistair's Intoxication  Tmut/Pois      0%         N/A       100%        5
 Arcjolt                  Conj/Air       0%         1d10      100%        5
 Freezing Cloud           Conj/Ice/Air   0%         6-21      100%        5
 Discord                  Hex            0%         N/A       100%        8
 Ignition                 Fire           0%         3d3       100%        8
 Maxwell's Capacitive Co  Air            0%         ∞         100%        8
 Call Imp                 Summ           Unusable   N/A       N/A         2
 Summon Lightning Spire   Summ/Air       Unusable   N/A       N/A         4

Dungeon Overview and Level Annotations

Branches:
Dungeon (11/15)            Temple (1/1) D:6            Lair (5/5) D:10
 Shoals (0/4) Lair:2        Snake (4/4) Lair:3        Slime (0/5) Lair:5
    Orc (2/2) D:9             Elf (0/3) Orc:2         Sewer (visited)

Altars:
Ashenzari
Cheibriados
Dithmenos
Elyvilon
Fedhas
Gozag
Hepliaklqana
Kikubaaqudgha
Makhleb
Nemelex Xobeh
Okawaru
Qazlal
Ru
Sif Muna
Trog
Uskayaw
Vehumet
Wu Jian
Xom
Yredelemnul
Zin
The Shining One

Shops:
D:4 (   Orc:1 =   Orc:2 *[[:   Snake:1 =::   Snake:3 ?*=*   Snake:4 (

Annotations:
D:10 1 runed translucent door, qborf's ghost, journeyman DsCj


Innate Abilities, Weirdness & Mutations

You have a pair of horns on your head.
You reflexively headbutt those who attack you in melee.


Message History

The naga warrior no longer looks unusually strong.
The naga no longer looks unusually strong.
You feel better.
You feel like a meek peon again.
The naga mage shouts!
* * * LOW HITPOINT WARNING * * *
You are poisoned.
The naga ritualist's toxic aura wanes.
The naga sharpshooter shoots an arrow.
You block the arrow.
The naga sharpshooter shoots an arrow.
You block the arrow.
The naga nearly stumbles in trying to escape.
The naga ritualist invokes the aid of its god against you.
You resist with almost no effort.
The salamander mystic points at something and mumbles some strange words.
The salamander tyrant completely misses you.
The naga mage casts a spell at the naga sharpshooter.
The naga sharpshooter seems to grow toxic.
You feel sick.
The naga sharpshooter mumbles some strange words.
The naga sharpshooter magically shoots an arrow.
You block the arrow. The naga mage spits poison at you.
You block the splash of poison.
The salamander mystic points at something and mumbles some strange words.
The naga sharpshooter mumbles some strange words.
The naga sharpshooter magically shoots an arrow.
You block the arrow.
The salamander tyrant gazes fiercely through you!
You feel as though you will be weak longer.
The salamander tyrant hits you.
* * * LOW HITPOINT WARNING * * *
You are engulfed in flames.
You resist.
* * * LOW HITPOINT WARNING * * *
The salamander tyrant gazes fiercely through you!
You feel as though you will be weak longer.
The salamander tyrant barely misses you.
The naga sharpshooter casts a spell.
The naga sharpshooter magically shoots an arrow.
The arrow hits you!
You die...

....#....... . #......... ..
##....⌠...##....
##..#......[.##..
#..............#
#...N#...N.#..# ..
#.............#...
#..N..N..........#
#...@.....))..##
###...##.).#### # .
##.##..))).# ## ##
..#..###..))## #. .......#.
##...####)().### #.
...........##.....####)).).##
##
............#......###)#.#..##
..........#...........####...#
.........##...............#..##


You could see a naga sharpshooter (fast, curare), a salamander tyrant, a
salamander mystic (strong) and a naga mage (fast, strong, catching breath).

Vanquished Creatures
  4 nagarajas
  Aizul (Snake:1)
  An orc warlord (Orc:1)
  3 dire elephants (Lair:5)
  9 anacondas
  2 salamander tyrants
  2 ogre magi (Orc:2)
  A catoblepas (Lair:4)
  2 hydras
  15 naga warriors
  9 two-headed ogres
  12 death yaks
  Urug (Lair:4)
  12 naga sharpshooters
  A shock serpent (Snake:4)
  An iron troll (Orc:2)
  Amaemon (D:8)
  A spectral anaconda (Lair:5)
  3 skysharks
  3 sea snakes (Snake:1)
  A deep troll (Orc:2)
  A salamander mystic (Snake:3)
  An obsidian statue (Lair:5)
  Pikel (D:9)
  7 naga ritualists
  4 orc knights
  10 mana vipers
  3 necromancers (Lair:5)
  10 salamanders
  An ugly thing (D:7)
  2 orc sorcerers (Orc:1)
  2 cyclopes (Orc:2)
  6 elephants (Lair:5)
  19 naga magi
  4 guardian serpents
  11 cane toads
  A dire elephant zombie (Lair:5)
  36 black mambas
  A torpor snail (Lair:2)
  An orange demon (D:8)
  2 unseen horror zombies (D:10)
  10 komodo dragons
  A rime drake (Lair:5)
  5 kobold demonologists
  Grinder (D:3)
  12 trolls
  A polar bear (Lair:2)
  Prince Ribbit (D:7)
  A spectral elephant (Lair:5)
  28 blink frogs
  A snapping turtle (Lair:2)
  4 dream sheep (Lair:4)
  A slime creature (D:7)
  A wraith (D:11)
  A dire elephant simulacrum (Lair:5)
  A shadow (D:10)
  Sigmund (D:5)
  2 vampires (D:9)
  36 yaks
  3 basilisks
  2 wyverns
  A vampire mosquito (D:7)
  2 death yak simulacra (Lair:5)
  Menkaure (D:4)
  4 steam dragons
  2 acid dragons
  5 wargs
  A spectral cane toad (Lair:5)
  Edmund (D:5)
  37 nagas
  4 water moccasins
  A black bear (D:5)
  4 sky beasts
  19 orc warriors
  21 ogres
  11 wolves (Lair:5)
  5 centaurs
  2 lemures (D:9)
  3 kobold brigands
  9 bullfrogs
  A gnoll sergeant (D:11)
  A scorpion (D:6)
  2 necrophages (D:10)
  4 cane toad simulacra (Lair:5)
  13 wights
  3 elephant simulacra (Lair:5)
  4 killer bees (D:9)
  3 howler monkeys
  An electric eel (Lair:2)
  4 centaur zombies (D:10)
  2 lava snakes (Lair:3)
  A gnoll bouda (D:7)
  A human zombie (D:10)
  14 orc priests
  3 hounds
  2 sleepcaps
  3 iguanas
  12 orc wizards
  4 hell rats
  A hound zombie (D:2)
  2 mummies (D:10)
  Robin (D:3)
  21 gnolls
  6 adders
  6 river rats
  A shadow imp (D:6)
  2 white imps
  2 ufetubi (D:7)
  3 adder skeletons (D:2)
  2 adder zombies (D:2)
  A worm (D:2)
  5 dart slugs
  71 orcs
  A bat skeleton (D:2)
  5 endoplasms
  6 giant cockroaches
  11 hobgoblins
  12 jackals
  20 kobolds
  3 quokkas
  4 ball pythons
  A ball python zombie (D:2)
  4 bats
  A frilled lizard (D:3)
  17 goblins
  A quokka zombie (D:2)
  14 rats
756 creatures vanquished.

Vanquished Creatures (others)
  A yak (D:9)
  19 fungi
  13 plants
  3 toadstools (D:4)
  34 withered plants
70 creatures vanquished.

Grand Total: 826 creatures vanquished

Notes
Turn   | Place    | Note
-------+----------+-------------------------------------------
     0 | D:1      | funkygono the Minotaur Fighter began the quest for the Orb.
     0 | D:1      | Reached XP level 1. HP: 19/19 MP: 0/0
   603 | D:1      | Reached XP level 2. HP: 26/27 MP: 1/1
  1020 | D:2      | Reached XP level 3. HP: 32/33 MP: 2/2
  1053 | D:2      | Identified the ring of Obsession {rElec rPois rN+ Stlth+}
  1371 | D:2      | Reached XP level 4. HP: 39/40 MP: 3/3
  1578 | D:3      | Noticed Robin
  1609 | D:3      | Killed Robin
  1772 | D:3      | Found a snail-covered altar of Cheibriados.
  2055 | D:3      | Noticed Grinder
  2055 | D:3      | Paralysed by Grinder for 4 turns
  2071 | D:3      | Paralysed by Grinder for 2 turns
  2077 | D:3      | Paralysed by Grinder for 5 turns
  2083 | D:3      | Killed Grinder
  2084 | D:3      | Reached skill level 5 in Axes
  2084 | D:3      | Reached skill level 5 in Shields
  2084 | D:3      | Reached XP level 5. HP: 14/47 MP: 4/4
  2084 | D:3      | Reached XP level 6. HP: 16/53 MP: 5/5
  2567 | D:3      | Found a faded altar of an unknown god.
  2830 | D:4      | Noticed Menkaure
  2850 | D:4      | HP: 2/53 [iguana (5)]
  3060 | D:4      | Killed Menkaure
  3061 | D:4      | Reached XP level 7. HP: 32/60 MP: 6/6
  3423 | D:4      | Found a radiant altar of Vehumet.
  3514 | D:4      | Reached skill level 5 in Armour
  3556 | D:4      | Found a hide-covered altar of Uskayaw.
  3583 | D:4      | Found Vuticzoe's Weapon Shop.
  3627 | D:4      | Found a broken altar of Ashenzari.
  3927 | D:4      | Reached skill level 5 in Fighting
  4022 | D:5      | Entered Level 5 of the Dungeon
  4037 | D:5      | HP: 1/61 [orc warrior/+0 battleaxe (8)]
  4369 | D:5      | Noticed Edmund
  4388 | D:5      | Killed Edmund
  4389 | D:5      | Reached XP level 8. HP: 24/69 MP: 7/7
  4733 | D:5      | Noticed Sigmund
  4915 | D:5      | Killed Sigmund
  4916 | D:5      | Reached skill level 1 in Dodging
  5380 | D:5      | Found a shimmering blue altar of Sif Muna.
  5460 | D:6      | Reached skill level 1 in Stealth
  5464 | D:6      | Found a glowing drain.
  5480 | Sewer    | Entered a sewer
  5636 | D:6      | Found a staircase to the Ecumenical Temple.
  5695 | Temple   | Entered the Ecumenical Temple
  5749 | Temple   | Became a worshipper of Warmaster Okawaru
  5869 | D:6      | Reached skill level 1 in Throwing
  6500 | D:6      | Found a stormy altar of Qazlal.
  6515 | D:6      | Reached XP level 9. HP: 68/78 MP: 8/8
  6560 | D:6      | Reached * piety under Okawaru
  6899 | D:7      | Noticed a purple ugly thing
  6916 | D:7      | Killed a purple ugly thing
  6917 | D:7      | Reached skill level 10 in Axes
  7017 | D:7      | Noticed Prince Ribbit
  7031 | D:7      | Killed Prince Ribbit
  7072 | D:7      | Noticed a kobold demonologist
  7076 | D:7      | Noticed an ice devil
  7084 | D:7      | Noticed a hellwing
  7087 | D:7      | Killed a kobold demonologist
  7087 | D:7      | Reached ** piety under Okawaru
  7152 | D:7      | Noticed a troll
  7160 | D:7      | Killed a troll
  7176 | D:7      | Noticed a kobold demonologist
  7180 | D:7      | Reached XP level 10. HP: 23/86 MP: 9/9
  7475 | D:7      | Reached *** piety under Okawaru
  8058 | D:7      | Found a shadowy altar of Dithmenos.
  8314 | D:7      | Found a white marble altar of Elyvilon.
  8418 | D:7      | Identified a scroll of acquirement
  8418 | D:7      | Acquired an amulet of reflection
  8609 | D:8      | Received a gift from Okawaru
  8932 | D:8      | Noticed Amaemon
  8955 | D:8      | Killed Amaemon
  8960 | D:8      | Reached **** piety under Okawaru
  8999 | D:8      | Noticed an orange demon
  9009 | D:8      | Killed an orange demon
  9162 | D:8      | Found a glowing silver altar of Zin.
  9228 | D:8      | You fall into a shaft and drop 3 floors!
  9357 | D:11     | Reached skill level 10 in Shields
  9549 | D:11     | Noticed a two-headed ogre
  9558 | D:11     | Killed a two-headed ogre
  9559 | D:11     | Reached XP level 11. HP: 49/94 MP: 10/10
  9791 | D:10     | Entered Level 10 of the Dungeon
  9799 | D:10     | Noticed a death yak
  9800 | D:10     | Noticed a death yak
  9811 | D:10     | Killed a death yak
  9812 | D:10     | Reached skill level 10 in Armour
  9818 | D:10     | Killed a death yak
  9851 | D:10     | Found a staircase to the Lair.
  9870 | D:10     | Noticed a death yak
  9887 | D:10     | Killed a death yak
  9888 | D:10     | Reached skill level 1 in Invocations
 10276 | D:9      | Noticed Pikel
 10290 | D:9      | Killed Pikel
 10334 | D:9      | Found a staircase to the Orcish Mines.
 10466 | D:8      | Found an opulent altar of Gozag.
 10755 | D:9      | Identified the +9 mace of Adwo {flame, +Blink Str+4 Int-4}
 10883 | D:9      | Received a gift from Okawaru
 11285 | D:9      | Found a bloodstained altar of Trog.
 11294 | D:9      | Found an ancient bone altar of Kikubaaqudgha.
 11353 | D:10     | Found an ornate altar of the Wu Jian Council.
 11409 | D:10     | Found the +18 Lear's hauberk
 11498 | D:10     | Noticed a soul eater
 11499 | D:10     | Noticed a soul eater
 11503 | D:10     | Reached skill level 10 in Fighting
 11695 | D:10     | Reached XP level 12. HP: 107/107 MP: 11/11
 11695 | D:10     | Found a basalt altar of Yredelemnul.
 11903 | D:10     | Identified the +4 mace of Death's Door {elec, rC- rCorr
                  | Str+5}
 11982 | D:10     | Found a runed translucent door.
 11982 | D:10     | Noticed qborf's ghost (journeyman DsCj)
 12296 | D:10     | Upgraded the game from 0.30-a0-1074-g5db6f66fbb to
                  | 0.30-a0-1075-gcd70e7a56d
 12354 | Lair:1   | Entered Level 1 of the Lair of Beasts
 12524 | Lair:1   | Noticed a death yak
 12527 | Lair:1   | Noticed a death yak
 12527 | Lair:1   | Noticed a death yak
 12530 | Lair:1   | Noticed a death yak
 12532 | Lair:1   | Noticed a death yak
 12549 | Lair:1   | Killed a death yak
 12553 | Lair:1   | Killed a death yak
 12554 | Lair:1   | Reached skill level 15 in Axes
 12561 | Lair:1   | Killed a death yak
 12563 | Lair:1   | Killed a death yak
 12564 | Lair:1   | Killed a death yak
 12570 | Lair:1   | Reached ***** piety under Okawaru
 13278 | Lair:2   | Received a gift from Okawaru
 13435 | Lair:2   | Noticed a death yak
 13448 | Lair:2   | Killed a death yak
 14200 | Lair:2   | Found a staircase to the Shoals.
 14496 | Lair:3   | Reached XP level 13. HP: 77/117 MP: 13/13
 15265 | Lair:3   | Found a staircase to the Snake Pit.
 15768 | Lair:4   | Noticed Urug
 15785 | Lair:4   | Killed Urug
 15785 | Lair:4   | Received a gift from Okawaru
 16173 | Lair:4   | Identified the +1 chain mail of Dice, Bag, and Bottle
                  | {Int+7 Dex-3} (Okawaru gifted it to you on level 4 of the
                  | Lair of Beasts)
 16173 | Lair:4   | Received a gift from Okawaru
 16685 | Lair:5   | Entered Level 5 of the Lair of Beasts
 16829 | Lair:5   | Found a staircase to the Slime Pits.
 17436 | Lair:5   | Received a gift from Okawaru
 17597 | Lair:5   | Reached XP level 14. HP: 129/129 MP: 14/14
 17757 | Lair:5   | Received a gift from Okawaru
 17768 | Lair:5   | Reached skill level 15 in Shields
 18853 | Lair:5   | Acquired the +5 broad axe of Meitetuuw {flame, Contam rPois
                  | rF++ rC+}
 19094 | Orc:1    | Entered Level 1 of the Orcish Mines
 19345 | Orc:1    | Found Ellek's Jewellery Emporium.
 19388 | Orc:2    | Entered Level 2 of the Orcish Mines
 19961 | Orc:2    | Found Puutz's Book Shoppe.
 19961 | Orc:2    | Found Vir Yhac's Armour Emporium.
 20039 | Orc:2    | Found a staircase to the Elven Halls.
 20054 | Orc:2    | Found Saorr's Antique Armour Shop.
 20072 | Orc:2    | Found Zeidghim's General Store.
 20351 | Orc:1    | Noticed an orc warlord
 20374 | Orc:1    | Killed an orc warlord
 20811 | Snake:1  | Entered Level 1 of the Snake Pit
 20995 | Snake:1  | Reached XP level 15. HP: 97/139 MP: 16/16
 21189 | Snake:1  | Reached skill level 15 in Fighting
 21596 | Snake:1  | Noticed Aizul
 21616 | Snake:1  | Killed Aizul
 21629 | Snake:1  | Received a gift from Okawaru
 21978 | Snake:1  | Reached skill level 5 in Dodging
 22231 | Snake:1  | Found Liludar's Jewellery Shoppe.
 22232 | Snake:1  | Found Seveilei's Book Shop.
 22232 | Snake:1  | Found Lihor's Book Shop.
 22446 | Snake:1  | Identified the +0 pair of boots "Kiczo" {Harm rPois}
                  | (Okawaru gifted it to you on level 1 of the Snake Pit)
 22446 | Snake:1  | Received a gift from Okawaru
 23064 | Snake:2  | Noticed a nagaraja
 23081 | Snake:2  | Killed a nagaraja
 24350 | Snake:2  | Noticed a nagaraja
 24359 | Snake:2  | Killed a nagaraja
 24618 | Snake:1  | Bought the amulet of Vitality {RegenMP++ Regen++} for 1900
                  | gold pieces
 24618 | Snake:1  | Found the amulet of Vitality {RegenMP++ Regen++}
 24876 | Snake:3  | Reached XP level 16. HP: 151/151 MP: 17/17
 24900 | Snake:3  | Found a hazy altar of Hepliaklqana.
 24931 | Snake:3  | Received a gift from Okawaru
 24968 | Snake:3  | Identified the staff of air "Lopp" {rElec Str+7}
 25163 | Snake:3  | Found Marys's General Store.
 25189 | Snake:3  | Found Adebim's General Store.
 25189 | Snake:3  | Found Feaq's Magic Scroll Shoppe.
 25200 | Snake:3  | Bought a potion of heal wounds for 90 gold pieces
 25200 | Snake:3  | Found Lyzeduc's Jewellery Emporium.
 25910 | Snake:4  | Entered Level 4 of the Snake Pit
 26266 | Snake:4  | Found Echis Xeri's Weapon Boutique.
 26519 | Snake:4  | Received a gift from Okawaru
 26544 | Snake:4  | Shot with an arrow by a naga sharpshooter

Illustrated notes

Levels and vault maps discovered:
D:1:      tarquinn_simple_flora_water_b, layout_basic, minmay_statues_item
D:2:      layout_basic, serial_undead, serial_undead_d, serial_undead_b,
          serial_undead_e, serial_undead_a, serial_undead_c, serial_undead_b
D:3:      layout_basic, cheibriados_altar_1, chequers_ecumenical_altar_island,
          minmay_puff, uniq_grinder, uniq_robin
D:4:      layout_loops_cross, nicolae_uskayaw_suspiria, vehumet_altar_wand_db,
          mainiacjoe_overflow_alcove_4, serial_shops, kennysheep_mini,
          minmay_gold_behind_fungi, uniq_menkaure
D:5:      layout_basic, mainiacjoe_overflow_tiny_flanked,
          chequers_decorated_corner, uniq_sigmund, uniq_edmund
D:6:      layout_basic, lemuel_tele_altar, minmay_temple_entry_poolview,
          portal_sewer_entry_f
D:7:      minmay_the_grid_plus_closed [minmay_the_grid_all_tris,
          minmay_the_grid_minigrid_small_alt, minmay_the_grid_tree,
          minmay_the_grid_fan, minmay_the_grid_prize_inner_circle],
          layout_loops_corners, nicolae_dithmenos_through_a_glass_darkly,
          lemuel_round_altar, uniq_prince_ribbit1
D:8:      layout_basic, pdpol_temple_overflow_zin_treasury_gozag_greed,
          hangedman_misty_isle, uniq_amaemon
D:9:      layout_irregular_city, mainiacjoe_overflow_swirl, david_orc_3,
          uniq_pikel
D:10:     layout_loops_ring, mainiacjoe_overflow_surrounded_room,
          lemuel_mausoleum_altar_yredelemnul, dpeg_lair_monsters,
          ebering_ghost_inner_flame
D:11:     layout_gridville
Temple:   hellmonk_temple_beads
Lair:1:   layout_cave_shapes, cheibrodos_lair_caveside_slide
Lair:2:   layout_layer_cave, minmay_shoals_entry_hut, minivault_26,
          patterned_corridor
Lair:3:   layout_hall_layers, nicolae_snake_entry_warm_welcome,
          chequers_serial_rivers_micro_c, lemuel_fruit_tree
Lair:4:   layout_hall_layers, uniq_urug
Lair:5:   due_jungle_book, layout_layer_cave, slime_entry_1,
          chequers_serial_rivers_small_a, lemuel_fruit_fields
Snake:1:  layout_chambers, nicolae_snake_springs, minmay_shop_grove, uniq_aizul
Snake:2:  layout_layer_cave, serial_bayou_shore_b, grunt_megastairs_4
Snake:3:  layout_layer_cave, basic_altar, nicolae_snake_serpentine_hallways,
          minmay_shoptagon
Snake:4:  snake_pit, layout_chambers, serial_shops, shop
Orc:1:    layout_diamond_mine, serial_shops, nicolae_shop_advertising_works
          [nicolae_subvault_shop_adworks], basic_altar
Orc:2:    st_orc_open, layout_diamond_mine

Skill      XL: |  1  2  3  4  5  6  7  8  9 10 11 12 13 14 15 16 |
---------------+-------------------------------------------------+-----
Axes           | 3 5 6 7 9 11 13 14 16 17 18 19 | 19.9
Shields        | 4 5 6 7 8 10 11 12 14 16 18 19 | 19.5
Fighting       | 4 5 6 7 8 10 11 13 14 16 | 16.6
Armour         | 4 6 7 8 9 10 11 12 13 14 | 14.0
Dodging        | 1 2 3 4 5 |  5.7
Stealth        | 1 2 |  2.1
Throwing       | 1 2 3 |  3.5
Invocations    | 1 2 3 |  3.4

Action                     |  1- 3 |  4- 6 |  7- 9 | 10-12 | 13-15 | 16-18 || total
---------------------------+-------+-------+-------+-------+-------+-------++-------
  Melee: War axe           |    88 |   111 |   338 |   631 |   501 |       ||  1669
         Headbutt          |    15 |    15 |    53 |   122 |   265 |    48 ||   518
         Broad axe         |       |       |       |       |   551 |   209 ||   760
  Throw: Javelin           |       |       |     7 |     7 |       |       ||    14
         Dart              |       |       |     4 |       |       |       ||     4
         Boomerang         |       |       |       |    17 |    17 |       ||    34
 Invoke: Heroism           |       |       |       |    20 |    31 |     6 ||    57
  Evoke: Wand              |       |       |       |     1 |     1 |       ||     2
    Use: Scroll            |       |     7 |     9 |     9 |    11 |     3 ||    39
         Potion            |       |     2 |     4 |     2 |     2 |     3 ||    13
   Stab: Invisible         |       |       |     3 |       |       |       ||     3
 Armour: Scale mail        |    32 |       |       |       |       |       ||    32
         Plate armour      |    21 |    67 |   185 |   260 |     2 |       ||   535
         Chain mail        |       |       |       |       |   420 |    75 ||   495
  Dodge: Dodged            |    21 |    18 |    81 |   117 |   235 |    54 ||   526
  Block: Kite shield       |    45 |    55 |   178 |   458 |   719 |       ||  1455
         Buckler           |     1 |       |       |       |       |       ||     1
         Reflection        |       |       |       |     8 |    50 |       ||    58
         Tower shield      |       |       |       |       |   185 |   264 ||   449

Table legend: (Time is in decaauts)
 A = Elapsed time spent in this place.
 B = Non-inter-level travel time spent in this place.
 C = Inter-level travel time spent in this place.
 D = Time resting spent in this place.
 E = Time spent auto-exploring this place.
 F = Levels seen in this place.
 G = Mean time per level.
                   A        B        C        D        E       F      G
               +--------+--------+--------+--------+--------+-----+--------+
         Total |  26462 |  25150 |   1312 |    931 |  18821 |  24 | 1102.6 |
       Dungeon |  12539 |  12084 |    455 |    558 |   8999 |  11 | 1139.9 |
        Temple |    108 |     97 |     11 |      0 |     86 |   1 |  108.0 |
          Lair |   6555 |   5928 |    627 |    364 |   4361 |   5 | 1311.0 |
     Snake Pit |   5630 |   5450 |    180 |      0 |   4269 |   4 | 1407.5 |
  Orcish Mines |   1514 |   1478 |     36 |      9 |   1058 |   2 |  757.0 |
         Sewer |    113 |    113 |      0 |      0 |     47 |   1 |  113.0 |
               +--------+--------+--------+--------+--------+-----+--------+

Top non-repeatable levels by time:
 Snake:1: 2223 daAuts
  Lair:5: 2174 daAuts
     D:7: 1658 daAuts
 Snake:2: 1581 daAuts
     D:3: 1482 daAuts
  Lair:2: 1448 daAuts
    D:10: 1334 daAuts
     D:5: 1315 daAuts
 Snake:3: 1209 daAuts
     D:4: 1198 daAuts
     D:6: 1196 daAuts
  Lair:3: 1113 daAuts
     D:9: 1109 daAuts
     D:8: 1073 daAuts
     D:1: 933 daAuts
